 Dungeon Sprint DCSS version 0.14-a0-3320-geb0b70c (console) character file.

56 rchandra the Ruffian (level 3, -1/36 HPs)
             Began as a Troll Summoner on Mar 15, 2014.
             Slain by a water elemental (16 damage)
             ... in the Dungeon (Sprint III: "The Ten Rune Challenge").
             The game lasted 00:02:16 (207 turns).

rchandra the Ruffian (Troll Summoner)                Turns: 207, Time: 00:02:16

HP  -1/36        AC  5     Str 16      XL: 3   Next: 71%
MP   0/3         EV  9     Int 12      God:
Gold 0           SH  0     Dex 10      Spells:  2 memorised,  0 levels left

rFire  . . .     SeeInvis .       - Unarmed
rCold  . . .     Clarity  .     k - +0 robe
rNeg   . . .     Conserve .     (shield restricted)
rPois  .         rCorr    .     (helmet restricted)
rElec  .         rRot     .     (no cloak)
SustAb . .       Spirit   .     (gloves unavailable)
rMut   .         Warding  .     (boots unavailable)
Gourm  +         NoTele   +     (no amulet)
MR     .....                    (no ring)
                                (no ring)

@: not resistant to hostile enchantments, unstealthy
A: unfitting armour, claws 3, fast metabolism 3, gourmand, regeneration 2,
saprovore 2, shaggy fur 1, tough skin 2
a: no special abilities


You were in the Dungeon.
You were very full.

You visited 1 branch

Inventory:

Missiles
 j - 11 stones (quivered)
Armour
 a - a +0 robe
 k - a +0 robe (worn)
Comestibles
 c - 2 meat rations
Scrolls
 i - a scroll of blinking
Potions
 d - a potion of curing
 e - a potion of heal wounds
 f - a potion of haste
 g - 2 potions of magic
 h - a potion of berserk rage
Books
 b - a book of Callings

   Spells                             Type                      Level
   *Summon Small Mammal               Summoning                    1
   Call Imp                           Summoning                    2
   *Call Canine Familiar              Summoning                    3
   Summon Guardian Golem              Hexes/Summoning              4
   Summon Lightning Spire             Summoning/Air                4
   Summon Ice Beast                   Ice/Summoning                4


   Skills:
 + Level 2.7 Fighting
 - Level 1.5 Dodging
 - Level 1.1 Stealth
 + Level 6.2 Unarmed Combat
 - Level 1.2 Spellcasting
 - Level 2.9 Summonings


You couldn't memorise any spells.
You knew the following spells:

 Your Spells              Type           Power        Failure   Level  Hunger
k - Call Canine Familiar  Summ           #.......     30%         3    ####...
y - Summon Small Mammal   Summ           #...         12%         1    ##.....


Dungeon Overview and Level Annotations

Branches:
Dungeon (1/1)

Altars:


Innate Abilities, Weirdness & Mutations

You are too large for most types of armour.
You have claws for hands.
Your metabolism is lightning-fast.
You like to eat raw meat.
You heal very quickly.
You can eat rotten meat.
You are covered in fur (AC +1).
You have very tough skin (AC +2).


Message History

Confirm with . or Enter, or press ? or * to list all spells.
As you open the door, it creaks loudly!
A water elemental comes into view.
You hit the water elemental.
The water elemental is lightly damaged.
Your hound bites the water elemental.
The water elemental hits you!
Huge Dmg: -25%(-9hp) hp: 75%(27hp)
You hit the water elemental.
The water elemental is moderately damaged.
Your hound bites the water elemental.
The water elemental hits you!
The water elemental engulfs you in water!
Your hound bites the water elemental.
Huge Dmg: -22%(-8hp) hp: 53%(19hp)
You barely miss the water elemental.
The water elemental is heavily damaged.
* * * LOW HITPOINT WARNING * * *
Your lungs strain for air!
Your hound barely misses the water elemental.
The water elemental hits you!
You die...

▓▓▓ ▓ ▓▓▓▓ <.# . . 777.#
..# ...7. 777.#
#'####......777..#
.....#....≈.7777.# #+#+#
.....#...≈≈.....h#.......
.....#..≈≈≈≈7...TE.⌠.....
####'#..≈≈≈≈≈≈7..#...####
(....#.≈≈≈≈≈≈....# ⌠.#
.....#.≈≈≈≈≈.....# .#
....)#.≈≈≈.......# #
'#####....%......#
.................#
▓▓▓▓▓▓▓▓▓▓▓▓▓▓▓▓▓▓


You could see a water elemental and a friendly hound.

Vanquished Creatures
  A wolf (D)
  A human (D)
  Jessica (D)
  2 rats (D)
5 creatures vanquished.

Notes
Turn   | Place    | Note
--------------------------------------------------------------
     0 | D        | rchandra, the Troll Summoner, began the quest for the Orb.
     0 | D        | Reached XP level 1. HP: 16/16 MP: 2/2
     3 | D        | Reached skill level 1 in Unarmed Combat
    30 | D        | Noticed Jessica
    36 | D        | Huge Dmg: 5 dmg
    37 | D        | Huge Dmg: 4 dmg
    38 | D        | Killed Jessica
    38 | D        | Reached skill level 5 in Unarmed Combat
    38 | D        | Reached XP level 2. HP: 7/24 MP: 0/2
    82 | D        | Noticed a wolf
    94 | D        | Huge Dmg: 5 dmg
    94 | D        | Killed a wolf
    94 | D        | Reached skill level 2 in Fighting
    94 | D        | Reached XP level 3. HP: 23/35 MP: 1/3
    99 | D        | Learned a level 3 spell: Call Canine Familiar
   135 | D        | Reached skill level 6 in Unarmed Combat
   203 | D        | Noticed a water elemental
   206 | D        | Huge Dmg: 9 dmg
   207 | D        | Huge Dmg: 8 dmg
   207 | D        | Slain by a water elemental

Action                   || total
-------------------------++-------
Melee: Unarmed           ||    19
 Cast: Summon Small Mamm ||     3
       Call Canine Famil ||     2

Vault maps used:
D:        dungeon_sprint_mu
